 Dungeon Crawl Stone Soup version 0.27-a0-1532-gca18f49f40 (webtiles) character file.

Game seed: 18402436643688515367

6393 Spectrina the Frost Mage (level 10, -8/69 HPs)
             Began as a Demigod Ice Elementalist on July 12, 2021.
             Killed by an exploding yak (36 damage)
             ... ignited by their inner flame
             ... on level 9 of the Dungeon on July 13, 2021.
             The game lasted 00:53:25 (3782 turns).

Spectrina the Frost Mage (Demigod Ice Elementalist) Turns: 3782, Time: 00:53:26

Health: -8/69      AC:  7    Str:  9    XL:     10   Next: 39%
Magic:  1/31       EV: 11    Int: 33    God:
Gold:   123        SH:  0    Dex: 14    Spells: 5/20 levels left

rFire    . . .     SeeInvis .   a - +0 great mace (flame)
rCold    . . .     Faith    +   (shield currently unavailable)
rNeg     + . .     Spirit   .   o - +2 leather armour {rN+}
rPois    .         Reflect  .   G - +1 hat
rElec    .         Harm     .   (no cloak)
rCorr    .         Rampage  .   N - +0 pair of gloves
Will     +....                  (no boots)
Stlth    ++........             c - amulet of faith
HPRegen  0.21/turn              w - ring "Babum" {MP+9 Int+4}
MPRegen  0.22/turn              (no ring)

@: freezing walls
A: high mp 1, forlorn
a: no special abilities


You were on level 9 of the Dungeon.
You visited 1 branch of the dungeon, and saw 10 of its levels.

You collected 365 gold pieces.
You spent 242 gold pieces at shops.

Inventory:

Hand Weapons
 a - a +0 great mace of flaming (weapon)
 b - a +1 falchion of holy wrath
 h - a +0 hunting sling
 v - a +0 quarterstaff
 O - a +1 scimitar of electrocution
Missiles
 i - 173 stones
 B - 3 boomerangs (quivered)
 D - 23 sling bullets
 F - 22 bolts
Armour
 j - a +2 buckler
 o - a +2 leather armour of positive energy (worn)
 y - the +0 leather armour of the Prince of Darkness {rC+++}
   (You found it on level 4 of the Dungeon)

   rC:        It renders you almost immune to cold.
 C - a +1 scale mail of willpower
 G - a +1 hat (worn)
 I - a +0 troll leather armour
 N - a +0 pair of gloves (worn)
 Q - +0 steam dragon scales
Magical Staves
 E - a staff of air
 M - a staff of death
Jewellery
 c - an amulet of faith (around neck)
 w - the ring "Babum" (left hand) {MP+9 Int+4}
   (You found it on level 4 of the Dungeon)

   [ring of magical power]

   Int:       It affects your intelligence (+4).
   MP:        It affects your magic capacity (+9).
Wands
 g - a wand of polymorph (5)
 H - a wand of digging (5)
Scrolls
 d - 2 scrolls of silence {unknown}
 m - a scroll of holy word {unknown}
 n - 2 scrolls of noise
 p - 2 scrolls of amnesia {unknown}
 r - 2 scrolls of teleportation {unknown}
 u - a scroll of blinking {unknown}
 z - 2 scrolls of torment {unknown}
 A - a scroll of enchant weapon {unknown}
 L - a scroll of fear {unknown}
 P - 2 scrolls of immolation
Potions
 e - a potion of haste
 f - 4 potions of attraction
 k - a potion of might {unknown}
 l - 2 potions of mutation
 q - a potion of heal wounds
 s - a potion of lignification {unknown}
 t - 6 potions of curing
 x - 4 potions of brilliance
 J - 2 potions of magic
 K - a potion of ambrosia


   Skills:
 - Level 1.7 Dodging
 - Level 1.7 Stealth
 + Level 5.6 Spellcasting
 + Level 8.4 Conjurations
 + Level 2.5 Hexes
 + Level 11.0 Ice Magic


You had 5 spell levels left.
You knew the following spells:

 Your Spells              Type           Power      Damage    Failure   Level
a - Freeze                Ice            100%       1d11      1%          1
d - Magic Dart            Conj           100%       1d8       1%          1
f - Vampiric Draining     Necr           4%         2d6       19%         3
p - Ozocubu's Armour      Ice            70%        N/A       1%          3
q - Frozen Ramparts       Ice            100%       1d12      1%          3
w - Hailstorm             Conj/Ice       65%        3d14      1%          4

Your spell library contained the following spells:

 Spells                   Type           Power      Damage    Failure   Level
 Slow                     Hex            25%        N/A       3%          2
 Summon Small Mammal      Summ           36%        N/A       6%          1
 Mephitic Cloud           Conj/Pois/Air  27%        N/A       6%          3
 Confusing Touch          Hex            25%        N/A       7%          3
 Call Imp                 Summ           9%         N/A       10%         2
 Metabolic Englaciation   Hex/Ice        26%        N/A       11%         5
 Summon Guardian Golem    Hex/Summ       17%        N/A       12%         3
 Call Canine Familiar     Summ           9%         N/A       19%         3
 Petrify                  Tmut/Erth      9%         N/A       54%         4
 Conjure Ball Lightning   Conj/Air       18%        3x3d6     86%         6
 Statue Form              Tmut/Erth      6%         N/A       100%        6
 Discord                  Hex            12%        N/A       100%        8
 Disjunction              Tloc           4%         N/A       100%        8


Dungeon Overview and Level Annotations

Branches:
Dungeon (10/15)            Temple (0/1) D:7
   Lair: D:8-11         Orc: D:9-12

Shops:
D:6 !   D:8 :!

Annotations:
D:10 Josephine


Innate Abilities, Weirdness & Mutations

Your attributes grow dramatically as you level up.
You have an increased reservoir of magic. (+10% MP)
You shall have no god before yourself.


Message History

You barely miss the orc warrior.
The orc warrior is severely wounded.
The wall freezes the orc warrior.
The orc warrior hits you with a +0 battleaxe!
The wall freezes the yak.
The wall freezes the orc warrior.
The orc warrior hits you with a +0 battleaxe!
* * * LOW HITPOINT WARNING * * *
A yak comes into view.
The wall freezes the yak!
Unknown command.
Casting: Frozen Ramparts (safe; 1% risk of failure)
Confirm with . or Enter, or press ? or * to list all spells.
Aiming: Freeze (safe; 1% risk of failure)
Press: ? - help, Shift-Dir - straight line, f - orc warrior
Aim: an orc warrior, wielding a +0 battleaxe and wearing a +0 chain mail (almost dead)
You freeze the orc warrior.
The orc warrior is almost dead.
The yak bellows!
The wall freezes the orc warrior!
You kill the orc warrior!
The wall freezes the yak.
A yak comes into view.
A yak comes into view.
As you read the scroll labelled SUOL XUYNE, it crumbles to dust.
The creatures around you are filled with an inner flame!
It was a scroll of immolation.
The yak bellows! x2
Unknown command.
You feel much better.
The wall freezes the yak!
Flame seeps out of the yak.
The yak barely misses you.
Unknown command.
Unknown command.
Aiming: Dig
Press: ? - help, Shift-Dir - straight line A rock wall, covered with ice.
The rock shatters into small pieces.
The yak is engulfed in blazing flames.
The yak explodes!
The fiery explosion engulfs you!!!
Ouch! That really hurt!
You die...

#.......P #.o.P... ...P.. ...♣
##############.##################
............).y...)[.............
.......###...#.##..).............
.......###...#§##.###############
..#.#.........§○@#
#....##..YY...§### #####
#...Y.#### #####.# ###


You could see 3 yaks.

Vanquished Creatures
  2 two-headed ogres
  A cyclops (D:9)
  A gargoyle (D:8)
  A kobold demonologist (D:7)
  A hornet (D:9)
  A troll (D:6)
  Prince Ribbit (D:5)
  A vampire (D:9)
  A yak (D:9)
  A wyvern (D:8)
  Grum (D:8)
  A vampire mosquito (D:9)
  2 water moccasins
  4 orc warriors
  2 ice beasts
  2 black bears
  A sky beast (D:7)
  2 ogres (D:4)
  4 centaurs
  4 wolves (D:8)
  A tengu (D:9)
  6 bullfrogs
  2 scorpions (D:6)
  A water moccasin zombie (D:5)
  3 centaur zombies
  2 hounds
  An orc priest (D:9)
  2 jellies
  A bullfrog skeleton (D:5)
  2 centaur skeletons
  2 iguanas (D:5)
  2 orc wizards
  A hound skeleton (D:4)
  6 adders
  2 shadow imps
  2 worms (D:4)
  4 dart slugs
  15 orcs
  7 ball pythons
  2 bats
  4 endoplasms
  3 giant cockroaches
  7 goblins
  10 hobgoblins
  2 quokkas
  4 frilled lizards
  4 kobolds
  5 rats
137 creatures vanquished.

Vanquished Creatures (others)
  6 plants (D:9)
6 creatures vanquished.

Grand Total: 143 creatures vanquished

Notes
Turn   | Place    | Note
-------+----------+-------------------------------------------
     0 | D:1      | Spectrina the Demigod Ice Elementalist began the quest for
                  | the Orb.
     0 | D:1      | Reached XP level 1. HP: 14/14 MP: 5/5
    56 | D:2      | Reached skill level 4 in Ice Magic
   110 | D:3      | Reached XP level 2. HP: 9/20 MP: 2/7
   473 | D:2      | Reached XP level 3. HP: 6/26 MP: 4/8
   479 | D:2      | Learned a level 3 spell: Frozen Ramparts
   681 | D:2      | Reached skill level 5 in Ice Magic
   822 | D:2      | Reached XP level 4. HP: 16/33 MP: 0/9
  1284 | D:4      | Noticed Edmund
  1300 | D:4      | Noticed Edmund
  1300 | D:4      | Edmund changed into Edmund the centaur
  1302 | D:4      | Killed Edmund the centaur
  1303 | D:4      | Reached skill level 6 in Ice Magic
  1303 | D:4      | Reached XP level 5. HP: 38/38 MP: 3/10
  1327 | D:4      | Identified the ring "Babum" {MP+9 Int+4}
  1376 | D:4      | Noticed an ogre
  1379 | D:4      | Killed an ogre
  1380 | D:4      | Reached skill level 7 in Ice Magic
  1380 | D:4      | Reached XP level 6. HP: 37/45 MP: 6/11
  1384 | D:4      | Learned a level 3 spell: Ozocubu's Armour
  1392 | D:4      | Learned a level 1 spell: Magic Dart
  1518 | D:5      | Entered Level 5 of the Dungeon
  1518 | D:5      | Noticed Prince Ribbit
  1526 | D:5      | Killed Prince Ribbit
  1527 | D:5      | Reached skill level 1 in Conjurations
  1545 | D:4      | Reached XP level 7. HP: 26/50 MP: 6/14
  1618 | D:4      | Identified the +0 leather armour of the Prince of Darkness
                  | {rC+++}
  2074 | D:5      | Reached skill level 8 in Ice Magic
  2079 | D:5      | Reached XP level 8. HP: 50/57 MP: 7/17
  2326 | D:6      | Learned a level 4 spell: Hailstorm
  2453 | D:6      | Found Ebloul's Distillery.
  2453 | D:6      | Noticed a troll
  2464 | D:6      | Killed a troll
  2481 | D:6      | Bought a potion of magic for 88 gold pieces
  2481 | D:6      | Bought a potion of ambrosia for 88 gold pieces
  2481 | D:6      | Bought 2 potions of curing for 66 gold pieces
  2675 | D:7      | Learned a level 3 spell: Vampiric Draining
  2715 | D:7      | Noticed a kobold demonologist
  2728 | D:7      | Killed a kobold demonologist
  2729 | D:7      | Reached skill level 5 in Spellcasting
  2729 | D:7      | Reached skill level 5 in Conjurations
  2741 | D:7      | Found a staircase to the Ecumenical Temple.
  2767 | D:7      | Reached skill level 9 in Ice Magic
  2852 | D:8      | Noticed a gargoyle
  2975 | D:8      | Found Zushriemn's Book Emporium.
  3036 | D:8      | Killed a gargoyle
  3037 | D:8      | Reached XP level 9. HP: 37/62 MP: 14/20
  3054 | D:8      | Found Wonagur's Distillery.
  3160 | D:8      | Noticed a two-headed ogre
  3176 | D:8      | Noticed Grum
  3189 | D:8      | Killed Grum
  3444 | D:7      | Reached skill level 10 in Ice Magic
  3513 | D:8      | Killed a two-headed ogre
  3615 | D:9      | Noticed a cyclops
  3618 | D:9      | Killed a cyclops
  3619 | D:9      | Reached XP level 10. HP: 69/69 MP: 11/21
  3637 | D:10     | Entered Level 10 of the Dungeon
  3637 | D:10     | Noticed Josephine
  3701 | D:9      | Noticed a two-headed ogre
  3706 | D:9      | Killed a two-headed ogre
  3707 | D:9      | Reached skill level 1 in Hexes
  3713 | D:9      | Noticed Maggie
  3720 | D:9      | Noticed Maggie
  3720 | D:9      | Maggie changed into Maggie the tengu
  3724 | D:9      | Killed Maggie the tengu
  3778 | D:9      | Reached skill level 11 in Ice Magic
  3782 | D:9      | Killed by an exploding yak... ignited by their inner flame

Illustrated notes

Levels and vault maps discovered:
D:1:      dpeg_arrival_more_subterranean_lakeside_camping, layout_basic,
          basic_ecumenical_altar, minmay_tetromino_o2
D:2:      layout_rooms, minmay_misc_feat_alley, minmay_fountain_box
D:3:      layout_loops_ring, mainiacjoe_overflow_catch_the_wave,
          mainiacjoe_overflow_cross_hatched, mainiacjoe_overflow_alcove_2,
          nicolae_wu_jian_immortal_techniques, hangedman_feature_mirror
D:4:      layout_basic, nicolae_dithmenos_shadow_blocks,
          hangedman_minor_gate_pass, uniq_edmund
D:5:      layout_rooms, uniq_prince_ribbit1
D:6:      layout_loops_ring, kennysheep_mini_moat,
          mainiacjoe_overflow_big_doors, serial_shops, shop
D:7:      layout_loops_ring, minmay_temple_entry_ruins
D:8:      layout_rooms, mainiacjoe_overflow_alcove_1, serial_shops,
          nicolae_take_the_stairs, nicolae_square_shop, corexii_corridor_pit,
          uniq_joseph, uniq_grum
D:9:      minmay_the_grid_4x2 [minmay_the_grid_minigrid_medium,
          minmay_the_grid_spin_star, minmay_the_grid_minigrid_small_alt,
          minmay_the_grid_medium_cups, minmay_the_grid_garden,
          minmay_the_grid_small_cups, minmay_the_grid_diamond_grid,
          minmay_the_grid_prize_inner_circle], layout_cave_pools,
          old_standard_altar, kennysheep_orc_monster_closet_entryway,
          minmay_misc_feat_ornament, dk_noncrumbling_2, uniq_maggie
D:10:     layout_basic, mainiacjoe_overflow_divided_tiny, enter_bailey_3,
          uniq_josephine, uniq_harold

Skill      XL: |  1  2  3  4  5  6  7  8  9 10 |
---------------+-------------------------------+-----
Ice Magic      | 4 5 6 7 8 9 10 11 | 11.0
Spellcasting   | 2 3 5 |  5.6
Conjurations   | 1 3 5 7 8 |  8.4
Hexes          | 2 |  2.5
Dodging        | |  1.7
Stealth        | |  1.7

Action                   |  1- 3 |  4- 6 |  7- 9 | 10-12 || total
-------------------------+-------+-------+-------+-------++-------
Melee: Great mace        |    10 |    19 |    50 |     7 ||    86
       Unarmed           |     1 |       |       |       ||     1
       Short sword       |       |     6 |       |       ||     6
 Fire: Hunting sling     |     2 |     9 |       |       ||    11
Throw: Boomerang         |       |       |     2 |     5 ||     7
 Cast: Freeze            |    47 |    22 |    24 |     5 ||    98
       Frozen Ramparts   |     5 |     8 |    26 |     5 ||    44
       Magic Dart        |       |     3 |    38 |       ||    41
       Ozocubu's Armour  |       |     2 |    14 |       ||    16
       Hailstorm         |       |       |    26 |     7 ||    33
Evoke: Wand              |       |     1 |       |     2 ||     3
  Use: Scroll            |     3 |       |     3 |     2 ||     8
       Potion            |       |       |     1 |     1 ||     2
 Stab: Sleeping          |       |     2 |       |       ||     2
Armor: Robe              |     6 |       |       |       ||     6
       Leather armour    |       |    13 |    58 |     8 ||    79
Dodge: Dodged            |    43 |    37 |    66 |    15 ||   161

Table legend: (Time is in decaauts)
 A = Elapsed time spent in this place.
 B = Non-inter-level travel time spent in this place.
 C = Inter-level travel time spent in this place.
 D = Time resting spent in this place.
 E = Time spent auto-exploring this place.
 F = Levels seen in this place.
 G = Mean time per level.
                   A        B        C        D        E       F      G
               +--------+--------+--------+--------+--------+-----+--------+
         Total |   3877 |   3696 |    181 |      0 |      0 |  10 |  387.7 |
       Dungeon |   3877 |   3696 |    181 |      0 |      0 |  10 |  387.7 |
               +--------+--------+--------+--------+--------+-----+--------+

Top non-repeatable levels by time:
     D:3: 598 daAuts
     D:7: 546 daAuts
     D:4: 498 daAuts
     D:5: 441 daAuts
     D:2: 437 daAuts
     D:1: 379 daAuts
     D:8: 375 daAuts
     D:6: 324 daAuts
     D:9: 272 daAuts
    D:10: 1 daAuts
